 Dungeon Crawl Stone Soup version 0.30-a0-459-g9104f0fc43 (webtiles) character file.

Game seed: 3169045935086724315

2459 jlumianski the Chopper (level 9, -5/108 HPs)
             Began as a Demonspawn Fighter on Dec 15, 2022.
             Slain by an orc warlord
             ... wielding a +6 broad axe
              (35 damage)
             ... in a bailey.
             The game lasted 00:22:47 (6008 turns).

jlumianski the Chopper (Demonspawn Fighter)         Turns: 6008, Time: 00:22:48

Health: -5/108     AC: 11    Str: 21    XL:     9   Next: 26%
Magic:  9/9        EV:  8    Int: 15    God:
Gold:   235        SH:  0    Dex: 13    Spells: 8/8 levels left

rFire   . . .      SeeInvis +    e - +9 battleaxe of Bile {vorpal, rElec rC- rN++ Int+2}
rCold   x . .      Faith    .    (shield currently unavailable)
rNeg    + + .      Spirit   .    B - +0 chain mail
rPois   .          Reflect  .    (helmet restricted)
rElec   +          Harm     .    n - +0 cloak
rCorr   +          Rampage  .    (no gloves)
Will    .....                    (no boots)
Stlth   ..........               (no amulet)
HPRegen 0.38/turn                f - ring of see invisible
MPRegen 0.11/turn                v - ring of resist corrosion

@: mighty, berserking (expiring), very quick
A: antennae 2, demonic guardian 1, big brain 2
a: no special abilities


You were in a bailey.
You visited 1 branch of the dungeon, and saw 7 of its levels.
You also visited: Bailey.

You collected 285 gold pieces.
You spent 50 gold pieces at shops.

Inventory:

Hand Weapons
 a - a +0 war axe
 e - the +9 battleaxe of Bile (weapon) {vorpal, rElec rC- rN++ Int+2}
   (You acquired it on level 2 of the Dungeon)

   It inflicts extra damage upon your enemies.
   Int:       It affects your intelligence (+2).
   rC:        It makes you vulnerable to cold.
   rElec:     It insulates you from electricity.
   rN:        It greatly protects you from negative energy.
 k - a +3 quarterstaff of chaos
 D - the +3 whip of Sesem {drain, rC+ rN+}
   (You found it on level 5 of the Dungeon)

   A truly terrible weapon, it drains the life of any living foe it strikes.
   rC:        It protects you from cold.
   rN:        It protects you from negative energy.
Missiles
 i - 58 stones
 o - 2 poisoned darts
 r - 2 throwing nets
 t - 11 boomerangs (quivered)
Armour
 b - a +0 scale mail
 c - a +0 buckler
 n - a +0 cloak (worn)
 s - a +0 pair of gloves
 B - a +0 chain mail (worn)
Jewellery
 f - a ring of see invisible (left hand)
 v - a ring of resist corrosion (right hand)
Wands
 x - a wand of flame (27)
 E - a wand of charming (8)
 F - a wand of digging (7)
Scrolls
 g - a scroll of torment
 h - 4 scrolls of enchant weapon
 u - a scroll of vulnerability
 y - a scroll of brand weapon
 z - 2 scrolls of fear
 C - 3 scrolls of teleportation
 H - 2 scrolls of enchant armour {unknown}
 I - a scroll of fog {unknown}
Potions
 d - 3 potions of might
 j - 2 potions of flight
 m - 3 potions of heal wounds
 p - 2 potions of degeneration
 q - a potion of ambrosia
 w - 2 potions of cancellation
 A - a potion of curing
 G - a potion of resistance {unknown}


   Skills:
 * Level 7.4 Fighting
 + Level 7.8 Axes
 + Level 5.9 Armour
 + Level 2.2 Dodging
 - Level 2.9 Shields


You had 8 spell levels left.
You didn't know any spells.
Your spell library contained the following spells:

 Spells                   Type           Power      Damage    Failure   Level
 Freeze                   Ice            0%         1d3       91%         1
 Blink                    Tloc           0%         N/A       97%         2
 Cigotuvi's Dreadful Rot  Necr/Pois/Air  0%         N/A       97%         2
 Momentum Strike          Conj/Tloc      0%         3d8       97%         2
 Poisonous Vapours        Pois/Air       0%         N/A       97%         2
 Frozen Ramparts          Ice            0%         1d1       100%        3
 Hailstorm                Conj/Ice       0%         3d3       100%        3
 Lesser Beckoning         Tloc           0%         N/A       100%        3
 Mephitic Cloud           Conj/Pois/Air  0%         N/A       100%        3
 Stone Arrow              Conj/Erth      0%         3d7       100%        3
 Animate Armour           Summ/Erth      0%         N/A       100%        4
 Lehudib's Crystal Spear  Conj/Erth      0%         10d2      100%        8


Dungeon Overview and Level Annotations

Branches:
Dungeon (7/15)             Temple (0/1) D:7          Bailey (1/1)

Altars:
Cheibriados
Qazlal
Uskayaw
Xom

Shops:
D:2 !

Annotations:
D:6 2 transporters
D:7 1 runed translucent door, bakla's ghost, novice TrWn


Innate Abilities, Weirdness & Mutations

You have a pair of antennae on your head.
A weak demonic guardian rushes to your aid.
You have an extremely huge brain. (Int +4)


Message History

You open the gate.
A red film seems to cover your vision as you go berserk!
You feel yourself moving faster!
You feel mighty!
The orc warlord hits you with a +6 broad axe!
You barely miss the orc warlord.
The orc warlord hits you with a +6 broad axe!
You slice the orc warlord!!
The orc warlord is moderately wounded.
The orc warlord closely misses you.
You slice the orc warlord!!
The orc warlord is heavily wounded.
The orc warlord hits you with a +6 broad axe!
You barely miss the orc warlord.
The orc warlord is heavily wounded.
The orc warlord hits you with a +6 broad axe!
You barely miss the orc warlord.
The orc warlord is heavily wounded.
You closely miss the orc warlord.
The orc warlord is heavily wounded.
The orc warlord hits you with a +6 broad axe!
A demonic guardian appears!
You hit the orc warlord.
The orc warlord is heavily wounded.
The orc warlord barely misses you.
You closely miss the orc warlord.
The orc warlord is heavily wounded.
The orc warlord completely misses you.
You barely miss the orc warlord.
The orc warlord is heavily wounded.
Your quasit completely misses the orc warlord.
Your quasit claws the orc warlord but does no damage. x2
The orc warlord hits you with a +6 broad axe!!
* * * LOW HITPOINT WARNING * * *
The orc warlord hits your quasit with a +6 broad axe!!
Your quasit dies!
Your quasit disappears in a puff of smoke!
You slice the orc warlord!!
The orc warlord is heavily wounded.
The orc warlord hits you with a +6 broad axe!!
You die...

#..........#~~)~~#.....
#..........'.)).)'.†..8
#...8......#########...
##......####~~~#~~~##..
##.....#~~#~.....[~#..
##....#~........!o#..
#...##~8.8...8.8##..
#..§'~~.........#...
#..@o~~....∩....#...
#...'~~........g#...
#...##~8.8...8.8##..
##....#~........!~#..
##.....#~~#~.....:{#..
##......####~~~#~~~##..
#...8......#########..)
#........).'..)..'..).8
#..........#~~÷)~#.....


You could see an orc warlord.

Vanquished Creatures
  Sigmund (D:3)
  Eustachio (D:6)
  A steam dragon (D:6)
  Duvessa (D:6)
  A water moccasin (D:6)
  A black bear (D:6)
  5 orc warriors (Bailey)
  A phantom (D:5)
  A necrophage (D:4)
  3 bullfrogs
  4 scorpions
  Dowan (D:6)
  3 wights (D:6)
  2 howler monkeys (D:7)
  A hound (D:5)
  Crazy Yiuf (D:2)
  A jelly (D:5)
  Jessica (D:3)
  Ijyb (D:4)
  3 iguanas
  Terence (D:2)
  4 adders
  A gnoll (Bailey)
  An ufetubus (D:4)
  5 worms
  2 dart slugs
  8 orcs
  8 ball pythons
  2 bats
  5 endoplasms
  3 giant cockroaches (D:1)
  10 hobgoblins
  4 jackals (D:2)
  16 kobolds
  2 quokkas
  A frilled lizard (D:1)
  8 goblins
  10 rats
125 creatures vanquished.

Vanquished Creatures (collateral kills)
  An orc (D:5)
1 creature vanquished.

Grand Total: 126 creatures vanquished

Notes
Turn   | Place    | Note
-------+----------+-------------------------------------------
     0 | D:1      | jlumianski the Demonspawn Fighter began the quest for the
                  | Orb.
     0 | D:1      | Reached XP level 1. HP: 18/18 MP: 1/1
   162 | D:1      | Gained mutation: You have an unusually large brain. (Int
                  | +2) [demonic ancestry]
   162 | D:1      | Reached XP level 2. HP: 24/24 MP: 2/2
   595 | D:1      | Reached XP level 3. HP: 27/29 MP: 3/3
  1030 | D:3      | Noticed Sigmund
  1097 | D:2      | Found a runed translucent door.
  1098 | D:2      | Noticed Crazy Yiuf
  1608 | D:2      | Found Bileawn's Distillery.
  1633 | D:2      | Bought a potion of heal wounds for 50 gold pieces
  1635 | D:2      | Identified a scroll of acquirement
  1636 | D:2      | Acquired the +9 battleaxe of Bile {vorpal, rElec rC- rN++
                  | Int+2}
  1755 | D:2      | Reached XP level 4. HP: 35/35 MP: 4/4
  1803 | D:2      | Noticed Terence
  1811 | D:2      | Killed Terence
  2085 | D:2      | Killed Crazy Yiuf
  2132 | D:3      | Killed Sigmund
  2133 | D:3      | Reached skill level 1 in Dodging
  2133 | D:3      | Gained mutation: You have a pair of small antennae on your
                  | head. [demonic ancestry]
  2133 | D:3      | Reached XP level 5. HP: 43/43 MP: 5/5
  2133 | D:3      | Gained mutation: A weak demonic guardian rushes to your
                  | aid. [demonic ancestry]
  2133 | D:3      | Reached XP level 6. HP: 49/49 MP: 6/6
  2272 | D:3      | Noticed Jessica
  2276 | D:3      | Killed Jessica
  2943 | D:5      | Entered Level 5 of the Dungeon
  2965 | D:4      | Noticed Ijyb
  2975 | D:4      | Killed Ijyb
  3224 | D:4      | Reached skill level 5 in Fighting
  3224 | D:4      | Reached XP level 7. HP: 56/56 MP: 7/7
  3381 | D:4      | Reached skill level 5 in Axes
  3608 | D:4      | You fall into a shaft and drop 2 floors!
  3694 | D:6      | Noticed a steam dragon
  3705 | D:6      | Killed a steam dragon
  3710 | D:6      | Found a transporter.
  3806 | D:6      | Found a stormy altar of Qazlal.
  3806 | D:6      | Found a shimmering altar of Xom.
  3806 | D:6      | Noticed a boulder beetle
  3821 | D:6      | Found a transporter.
  3822 | D:6      | Noticed a two-headed ogre
  3844 | D:6      | Noticed Duvessa
  3846 | D:6      | Noticed Dowan
  3851 | D:6      | Killed Duvessa
  3852 | D:6      | Gained mutation: You have an extremely huge brain. (Int +4)
                  | [demonic ancestry]
  3852 | D:6      | Reached XP level 8. HP: 59/64 MP: 8/8
  3853 | D:6      | Killed Dowan
  4155 | D:5      | Identified the +3 whip of Sesem {drain, rC+ rN+}
  4218 | D:5      | Found a hide-covered altar of Uskayaw.
  4257 | D:5      | Reached skill level 5 in Armour
  4257 | D:5      | Found a snail-covered altar of Cheibriados.
  5157 | D:6      | Noticed Eustachio
  5175 | D:6      | Killed Eustachio
  5433 | D:7      | Gained mutation: You have a pair of antennae on your head.
                  | [demonic ancestry]
  5433 | D:7      | Reached XP level 9. HP: 72/72 MP: 9/9
  5475 | D:7      | Found a runed translucent door.
  5475 | D:7      | Noticed bakla's ghost (novice TrWn)
  5503 | D:7      | Found a flagged portal.
  5511 | Bailey   | Entered a bailey
  5529 | Bailey   | Noticed an orc warlord
  5904 | Bailey   | Found a runed translucent gate.
  5946 | Bailey   | Found a runed translucent gate.
  5947 | Bailey   | Found a runed translucent gate.
  6008 | Bailey   | Slain by an orc warlord

Illustrated notes

Levels and vault maps discovered:
D:1:      saegor_arrival_miasma, layout_basic
D:2:      layout_basic, serial_shops, shop, ebering_dispersal_statue_hall,
          uniq_crazy_yiuf_cottage, uniq_terence
D:3:      layout_loops_ring, uniq_jessica, uniq_sigmund
D:4:      layout_gridville, uniq_ijyb
D:5:      layout_basic, mainiacjoe_overflow_six_doors_small,
          nicolae_uskayaw_dance_hall
D:6:      layout_layer_cave, gammafunk_temple_overflow_arena,
          kennysheep_doodads, uniq_eustachio, uniq_duvessa
D:7:      layout_gridville, minmay_temple_entry_trees,
          hellmonk_ghost_happy_afterlife, enter_bailey_3,
          kennysheep_generic_room_11
Bailey:   bailey_axe_bossmonster_kennysheep, bailey

Skill      XL: |  1  2  3  4  5  6  7  8 |
---------------+-------------------------+-----
Axes           | 2 3 4 5 7 |  7.8
Armour         | 3 4 5 |  5.9
Fighting       | 4 5 7 |  7.4
Dodging        | 1 2 |  2.2
Shields        | |  2.9

Action                   |  1- 3 |  4- 6 |  7- 9 || total
-------------------------+-------+-------+-------++-------
Melee: War axe           |   143 |       |       ||   143
       Battleaxe         |     4 |    47 |   123 ||   174
Throw: Stone             |       |       |     1 ||     1
  Use: Scroll            |     6 |     2 |     7 ||    15
       Potion            |       |     1 |     3 ||     4
 Stab: Distracted        |       |       |     1 ||     1
Armor: Scale mail        |    57 |    11 |    55 ||   123
Dodge: Dodged            |    52 |    22 |    85 ||   159
Block: Buckler           |    18 |       |       ||    18

Table legend: (Time is in decaauts)
 A = Elapsed time spent in this place.
 B = Non-inter-level travel time spent in this place.
 C = Inter-level travel time spent in this place.
 D = Time resting spent in this place.
 E = Time spent auto-exploring this place.
 F = Levels seen in this place.
 G = Mean time per level.
                   A        B        C        D        E       F      G
               +--------+--------+--------+--------+--------+-----+--------+
         Total |   6147 |   5993 |    154 |    489 |   3247 |   8 |  768.4 |
       Dungeon |   5638 |   5484 |    154 |    332 |   3247 |   7 |  805.4 |
        Bailey |    509 |    509 |      0 |    157 |      0 |   1 |  509.0 |
               +--------+--------+--------+--------+--------+-----+--------+

Top non-repeatable levels by time:
     D:2: 1195 daAuts
     D:6: 1106 daAuts
     D:1: 998 daAuts
     D:4: 931 daAuts
     D:3: 702 daAuts
     D:5: 574 daAuts
  Bailey: 509 daAuts
     D:7: 129 daAuts
